 Dungeon Crawl Stone Soup version 0.26.1-11-gd32895ea62 (webtiles) character file.

Game seed: 9736039249443328691

249 vvl the Firebug (level 5, 0/37 HPs)
             Began as a Demonspawn Fire Elementalist on June 2, 2021.
             Killed from afar by an orc wizard (12 damage)
             ... with a magic dart
             ... on level 4 of the Dungeon.
             The game lasted 00:11:00 (4222 turns).

vvl the Firebug (Demonspawn Fire Elementalist)      Turns: 4222, Time: 00:11:01

Health: 0/37       AC:  4    Str:  9    XL:     5   Next: 86%
Magic:  0/9        EV: 11    Int: 17    God:
Gold:   214        SH:  0    Dex: 13    Spells: 8/9 levels left

rFire    . . .     SeeInvis .   e - +1 short sword (speed)
rCold    + . .     Faith    .   (no shield)
rNeg     . . .     Spirit   .   s - +0 leather armour
rPois    .         Reflect  .   (no helmet)
rElec    .         Harm     .   (no cloak)
rCorr    +         Rampage  .   t - +0 pair of gloves
Will     .....                  (no boots)
Stlth    ++........             l - amulet of regeneration
HPRegen  0.52/turn              q - ring of resist corrosion
MPRegen  0.11/turn              (no ring)

@: very slightly contaminated
A: claws 1, cold resistance 1, freezing cloud immunity
a: no special abilities


You were on level 4 of the Dungeon.
You visited 1 branch of the dungeon, and saw 4 of its levels.

You collected 214 gold pieces.

Inventory:

Hand Weapons
 e - a +1 short sword of speed (weapon)
Armour
 s - a +0 leather armour (worn)
 t - a +0 pair of gloves (worn)
 u - a +0 chain mail
Jewellery
 l - an amulet of regeneration (around neck)
 q - a ring of resist corrosion (left hand)
Wands
 o - a wand of polymorph (13)
Scrolls
 a - 2 scrolls of teleportation {unknown}
 c - 4 scrolls of remove curse {unknown}
 g - 2 scrolls of amnesia {unknown}
 j - a scroll of fear {unknown}
 k - a scroll of enchant armour {unknown}
 n - a scroll of fog {unknown}
 r - a scroll of identify {unknown}
Potions
 b - 5 potions of flight {unknown}
 d - a potion of invisibility {unknown}
 f - a potion of haste {unknown}
 h - 2 potions of berserk rage {unknown}
 i - 2 potions of cancellation {unknown}
 m - a potion of curing {unknown}
 p - a potion of mutation {unknown}


   Skills:
 + Level 1.4 Fighting
 + Level 1.4 Armour
 - Level 1.7 Dodging
 - Level 1.7 Stealth
 + Level 2.7 Spellcasting
 + Level 2.1 Conjurations
 * Level 3.1 Necromancy
 * Level 3.8 Fire Magic


You had 8 spell levels left.
You knew the following spells:

 Your Spells              Type           Power        Failure   Level
a - Foxfire               Conj/Fire      48%          7%          1

Your spell library contained the following spells:

 Spells                   Type           Power        Failure   Level
 Conjure Flame            Conj/Fire      12%          22%         3
 Inner Flame              Hex/Fire       8%           32%         3
 Sticky Flame             Conj/Fire      12%          56%         4
 Fireball                 Conj/Fire      6%           89%         5


Dungeon Overview and Level Annotations

Branches:
Dungeon (4/15)
 Temple: D:4-7

Altars:
Nemelex Xobeh
Qazlal
Xom
Yredelemnul


Innate Abilities, Weirdness & Mutations

You have sharp fingernails.
Your flesh is cold resistant. (rC+)
You are immune to freezing clouds.


Message History

The orc is almost dead.
You hit the orc but do no damage.
The orc is almost dead.
The orc wizard casts a spell.
The orc wizard seems to speed up.
You hit the orc but do no damage.
The orc is almost dead.
The orc barely misses you.
The orc wizard hits you but does no damage.
Casting: Foxfire (safe; 7% risk of failure)
Confirm with . or Enter, or press ? or * to list all spells.
You miscast Foxfire.
You are very lightly contaminated with residual magic.
Nothing appears to happen.
The orc wizard closely misses you.
The orc wizard hits you with a +0 dagger.
* * * LOW HITPOINT WARNING * * *
The orc barely misses you.
The orc wizard points at you and mumbles some strange words.
The magic dart hits you!
You die...

#.<.......#######
...#.[.##.......#
##......#######.# .#
#.#...## #.# .#
...##.## #.# .# ##
#.# #.# $# #.#
#.########.# #+#
#..........###.##
#.@######........
#..# #.# ##oo#### #.#
####......###†####...
+.............)......
####...##.###.#.##...
##.........#.#
#####.##### # #.#


You could see an orc wizard (fast) and an orc.

Vanquished Creatures
  An ogre (D:3)
  An orc priest (D:4)
  A howler monkey skeleton (D:4)
  5 adders
  An ooze (D:1)
  A dart slug (D:1)
  3 leopard geckos
  2 orcs
  4 giant cockroaches (D:2)
  4 hobgoblins
  9 kobolds
  2 ball pythons
  A ball python skeleton (D:4)
  6 bats
  8 frilled lizards
  2 gnoll zombies (D:2)
  14 goblins
  12 rats
77 creatures vanquished.

Vanquished Creatures (others)
  105 foxfires
105 creatures vanquished.

Grand Total: 182 creatures vanquished

Notes
Turn   | Place    | Note
-------+----------+-------------------------------------------
     0 | D:1      | vvl the Demonspawn Fire Elementalist began the quest for
                  | the Orb.
     0 | D:1      | Reached XP level 1. HP: 13/13 MP: 3/3
   255 | D:1      | Gained mutation: Your flesh is cold resistant. (rC+)
                  | [demonic ancestry]
   255 | D:1      | Reached XP level 2. HP: 14/19 MP: 5/5
   267 | D:1      | Reached skill level 1 in Necromancy
   897 | D:1      | Gained mutation: You have sharp fingernails. [demonic
                  | ancestry]
   897 | D:1      | Reached XP level 3. HP: 9/25 MP: 3/6
  1999 | D:2      | Gained mutation: You are immune to freezing clouds.
                  | [demonic ancestry]
  1999 | D:2      | Reached XP level 4. HP: 31/31 MP: 7/7
  2147 | D:2      | Found a shimmering altar of Xom.
  2447 | D:2      | Found a stormy altar of Qazlal.
  2542 | D:2      | Reached skill level 1 in Armour
  2572 | D:2      | Found a basalt altar of Yredelemnul.
  2597 | D:2      | Reached skill level 1 in Fighting
  3298 | D:3      | Noticed an ogre
  3310 | D:3      | Killed an ogre
  3311 | D:3      | Reached XP level 5. HP: 37/37 MP: 2/9
  3677 | D:3      | Found a sparkling altar of Nemelex Xobeh.
  4222 | D:4      | Killed from afar by an orc wizard

Illustrated notes

Levels and vault maps discovered:
D:1:      dpeg_arrival_arbitrary_c, layout_basic, minmay_small_reverse_x
D:2:      layout_basic, lemuel_round_altar, lemuel_zombie_altar_yredelemnul,
          nicolae_qazlal_general_emergency
D:3:      layout_basic, nemelex_altar_shiori
D:4:      layout_loops_corners

Skill      XL: |  1  2  3  4  5 |
---------------+----------------+-----
Necromancy     | 1 2 3 |  3.1
Fire Magic     | 3 |  3.8
Armour         | 1 |  1.4
Fighting       | 1 |  1.4
Conjurations   | 2 |  2.1
Dodging        | |  1.7
Stealth        | |  1.7
Spellcasting   | |  2.7

Action                   |  1- 3 |  4- 6 || total
-------------------------+-------+-------++-------
Melee: Dagger            |    48 |       ||    48
       Short sword       |    93 |    88 ||   181
 Cast: Foxfire           |    31 |    32 ||    63
 Stab: Sleeping          |     4 |     5 ||     9
Armor: Robe              |    24 |     9 ||    33
       Leather armour    |       |    11 ||    11
Dodge: Dodged            |    90 |    50 ||   140
